 Dungeon Crawl Stone Soup version 0.29.1-15-g9cfb28693d (webtiles) character file.

Game seed: 966163495053873372

10 Heoruswealwe the Caller (level 2, 11/15 HPs)
             Began as a Deep Elf Summoner on Feb 21, 2023.
             Was an Initiate of Yredelemnul.
             Got out of the dungeon alive.
             The game lasted 00:02:20 (210 turns).

Heoruswealwe the Caller (Deep Elf Summoner)          Turns: 210, Time: 00:02:20

Health: 11/15      AC:  2    Str:  5    XL:     2   Next: 10%
Magic:  8/8        EV: 12    Int: 19    God:    Yredelemnul [......]
Gold:   12         SH:  0    Dex: 15    Spells: 7/8 levels left

rFire   . . .      SeeInvis .   f - +0 dagger
rCold   . . .      Faith    .   (no shield)
rNeg    . . .      Spirit   .   a - +0 robe
rPois   .          Reflect  .   (no helmet)
rElec   .          Harm     .   (no cloak)
rCorr   .          Rampage  .   (no gloves)
Will    .....                   (no boots)
Stlth   ++........              (no amulet)
HPRegen 0.05/turn               (no ring)
MPRegen 0.11/turn               (no ring)

@: no status effects
A: no striking features
a: Renounce Religion, Recall Undead Harvest


You escaped.
You worshipped Yredelemnul.
Yredelemnul was noncommittal.
You visited 1 branch of the dungeon, and saw 1 of its levels.

You collected 12 gold pieces.

Inventory:

Hand Weapons
 d - a +0 spear
 f - a +0 dagger (weapon)
 i - a +0 dagger
 j - a +0 quarterstaff
Missiles
 e - 13 stones
 h - 5 javelins
 l - 5 poisoned darts
Armour
 a - a +0 robe (worn)
 k - a +0 robe
Scrolls
 c - 2 scrolls of butterflies {unknown}
Potions
 b - 2 potions of magic
 g - a potion of haste {unknown}


   Skills:
 - Level 2.4 Dodging
 - Level 2.4 Stealth
 + Level 3.5 Spellcasting
 + Level 4.6 Summonings


You had 7 spell levels left.
You knew the following spells:

 Your Spells              Type           Power      Damage    Failure   Level
a - Summon Small Mammal   Summ           84%        N/A       1%          1

Your spell library contained the following spells:

 Spells                   Type           Power      Damage    Failure   Level
 Call Imp                 Summ           21%        N/A       3%          2
 Call Canine Familiar     Summ           21%        N/A       6%          3
 Shock                    Conj/Air       12%        1d3       14%         1
 Summon Guardian Golem    Hex/Summ       12%        N/A       17%         3
 Swiftness                Air            3%         N/A       41%         3
 Summon Lightning Spire   Summ/Air       12%        N/A       50%         4
 Airstrike                Air            1%         2d(1-17)  82%         4


Dungeon Overview and Level Annotations

Branches:
Dungeon (1/15)

Altars:
Yredelemnul


Message History

Your kobold zombie hits the hobgoblin.
You have reached level 2!
Your adder zombie barely misses the hobgoblin.
The hobgoblin closely misses your adder zombie.
Your adder zombie bites the hobgoblin but does no damage.
Your kobold zombie barely misses the hobgoblin.
The hobgoblin hits your adder zombie.
Your adder zombie bites the hobgoblin.
The hobgoblin dies!
You swap places.
You swap places.
You see here a +0 dagger.
i - a +0 dagger
Found a quarterstaff.
b - 2 potions of magic (gained 1)
You see here a +0 quarterstaff.
j - a +0 quarterstaff You swap places.
Found a robe.
A ball python comes into view.
Found a stone staircase leading down.
Your adder zombie misses the ball python.
Your adder zombie barely misses the ball python.
Your ball python zombie closely misses the ball python.
Your ball python zombie barely misses the ball python.
The ball python closely misses you. x2
Your adder zombie bites the ball python.
Your ball python zombie misses the ball python.
Your ball python zombie barely misses the ball python.
You swap places.
The ball python bites you. The ball python barely misses you.
Your adder zombie bites the ball python.
Your kobold zombie hits the ball python.
The ball python dies!
You see here a +0 robe.
k - a +0 robe
Found 5 poisoned darts.
l - 5 poisoned darts
There is a staircase leading out of the dungeon here.
Are you sure you want to leave the Dungeon?
This will make you lose the game!
You have escaped!

...........#...........
...........#.##.....#.
........#.##........+
...^.........#.....##
........#....##...##
####....######..#..####
# #....# #...........#
## #....# #...........#
.###....###.⌠...@...⌠.#
..##......#....Z......#
..........#...Z.......#
..........##..#####..##
.........###.Z.# #...#
.....###.# #...###...#
....
.....###.####...#...##
....
.....#.....###..Z..##
.....
.....#..............#
.....


You could see a friendly ball python zombie, a friendly adder zombie and a
friendly kobold zombie.

Vanquished Creatures
  A quokka (D:1)
1 creature vanquished.

Vanquished Creatures (collateral kills)
  A dart slug (D:1)
  2 hobgoblins (D:1)
  2 kobolds (D:1)
  A ball python (D:1)
  A frilled lizard (D:1)
7 creatures vanquished.

Vanquished Creatures (others)
  2 bat zombies (D:1)
2 creatures vanquished.

Grand Total: 10 creatures vanquished

Notes
Turn   | Place    | Note
-------+----------+-------------------------------------------
     0 | D:1      | Heoruswealwe the Deep Elf Summoner began the quest for the
                  | Orb.
     0 | D:1      | Reached XP level 1. HP: 10/10 MP: 6/6
    87 | D:1      | Found a faded altar of an unknown god.
   113 | D:1      | Prayed at the altar of an unknown god.
   113 | D:1      | Became a worshipper of Yredelemnul the Dark
   113 | D:1      | Reached * piety under Yredelemnul
   161 | D:1      | Reached XP level 2. HP: 10/15 MP: 6/8
   210 | D:$      | Got out of the dungeon alive.

Illustrated notes

Levels and vault maps discovered:
D:1:      dpeg_arrival_arbitrary_c, layout_basic, basic_ecumenical_altar,
          serial_curves, eino_curves_04, eino_curves_03

Action                   || total
-------------------------++-------
Melee: Dagger            ||     6
 Cast: Summon Small Mamm ||     3
Armor: Robe              ||     1
Dodge: Dodged            ||     7
